 Dungeon Crawl Stone Soup version 0.25-a0-420-g1cc7eeb0d1 (webtiles) character file.

Game seed: 2666253703881857026, levelgen mode: deterministic

1554 BeastOfSaturn the Magician (level 8, 0/52 HPs)
             Began as a Demonspawn Venom Mage on Jan 19, 2020.
             Was a Follower of Ashenzari.
             Slain by a water moccasin (6 damage)
             ... on level 6 of the Dungeon.
             The game lasted 00:45:36 (7676 turns).

BeastOfSaturn the Magician (Demonspawn Venom Mage)  Turns: 7676, Time: 00:45:36

Health: 0/52       AC:  8    Str: 10    XL:     8   Next: 57%
Magic:  16/16      EV: 12    Int: 17    God:    Ashenzari [*.....]
Gold:   273        SH:  0    Dex: 19    Spells: 8/18 levels left

rFire    . . .     SeeInvis +   h - +2 war axe (vamp) (curse)
rCold    . . .     Gourm    +   (no shield)
rNeg     . . .     Faith    .   j - +1 ring mail (curse)
rPois    .         Spirit   .   (helmet unavailable)
rElec    .         Reflect  .   (no cloak)
rCorr    .         Harm     .   g - +0 pair of gloves
MR       .....                  (no boots)
Stlth    ++........             k - amulet of the gourmand
HPRegen  0.17/turn              b - +5 ring of dexterity
MPRegen  0.15/turn              (no ring)

@: lethally poisoned (0 -> -2)
A: antennae 3
a: Curse Item, Scrying, Renounce Religion


You were on level 6 of the Dungeon.
You worshipped Ashenzari.
Ashenzari was aware of your devotion.
You were not hungry.

You visited 1 branch of the dungeon, and saw 6 of its levels.

You collected 273 gold pieces.

Inventory:

Hand Weapons
 h - a cursed +2 vampiric war axe (weapon)
 i - a +0 whip
 q - a +0 whip of freezing
Armour
 a - a +0 robe
 g - a +0 pair of gloves (worn)
 j - a cursed +1 ring mail (worn)
 t - a +0 large shield
Jewellery
 b - a +5 ring of dexterity (left hand)
 k - an amulet of the gourmand (around neck)
Wands
 u - a wand of iceblast (7)
Scrolls
 f - a scroll of amnesia
 m - a scroll of noise {unknown}
 r - 3 scrolls of enchant weapon {unknown}
 s - a scroll of random uselessness {unknown}
Potions
 d - 2 potions of curing
 e - 2 potions of heal wounds {unknown}
 l - a potion of brilliance {unknown}
 n - 2 potions of berserk rage {unknown}
 o - a potion of haste {unknown}
 p - a potion of ambrosia {unknown}
Comestibles
 c - 5 rations


   Skills:
 + Level 3.1(3.3) Axes
 + Level 1.5(2.5) Maces & Flails
 * Level 4.7 Armour
 + Level 3.0 Dodging
 - Level 1.7 Stealth
 * Level 5.6 Spellcasting
 - Level 1.0 Transmutations
 + Level 2.7 Air Magic
 + Level 4.9 Poison Magic


You had 8 spell levels left.
You knew the following spells:

 Your Spells              Type           Power        Failure   Level  Hunger
a - Sting                 Tmut/Pois      ###.         10%         1    None
b - Poisonous Vapours     Pois/Air       ###...       10%         2    #......
c - Olgreb's Toxic Radia  Pois           ###.....     38%         4    ####...
d - Mephitic Cloud        Conj/Pois/Air  ##......     32%         3    ##.....

Your spell library contained the following spells:

 Spells                   Type           Power        Failure   Level  Hunger
 Sandblast                Erth           #.....       32%         1    None
 Passwall                 Tmut/Erth      #.......     36%         2    #......
 Ignite Poison            Fire/Tmut/Pois ##......     38%         3    ##.....
 Stone Arrow              Conj/Erth      #.....       67%         3    ##.....
 Petrify                  Tmut/Erth      #.......     94%         4    ####...
 Lee's Rapid Deconstruct  Erth           #.........   100%        5    ######.


Dungeon Overview and Level Annotations

Branches:
Dungeon (6/15)
 Temple: D:4-7

Altars:
Ashenzari
Cheibriados
Okawaru
Ru
Trog
Uskayaw
Vehumet
Zin

Shops:
D:4 (   D:5 *   D:6 =}}

Annotations:
D:2 Grinder


Innate Abilities, Weirdness & Mutations

You have a pair of large antennae on your head. (SInv)


Message History

The water moccasin bites you. The water moccasin bites you.
* * * LOW HITPOINT WARNING * * *
You are poisoned.
The water moccasin poisons you!
You feel sick.
You feel sick. The water moccasin misses you.
You feel sick. The water moccasin barely misses you.
You feel sick.
You feel sick.
The water moccasin bites you but does no damage.
You feel sick.
You feel sick. The water moccasin barely misses you.
You feel sick.
The water moccasin completely misses you.
You feel sick. The water moccasin misses you.
You feel sick. The water moccasin bites you.
You die...

#.###### #.# # #......# #.#
. ######.# #.# #.## #.# #.#
#.#.. #.# #.# # ##.#.# #.#
#.# #. ###..... #.# #.#
#######.##...^...
#.####.####...........###..
#........S@.#####.....'∩#..
######..........####..###..
##########.##.........
#.##......... #.##........#
#............ ####...).####
#######


You could see a water moccasin.

Vanquished Creatures
  Pikel (D:5)
  A slave (D:6)
  An ogre (D:4)
  2 centaurs
  A scorpion (D:4)
  A howler monkey (D:4)
  4 crimson imps
  A bullfrog zombie (D:5)
  An orc priest (D:3)
  2 hounds
  A bullfrog skeleton (D:6)
  A centaur skeleton (D:3)
  A jelly (D:6)
  Jessica (D:3)
  An iguana (D:6)
  Natasha (twice) (D:3 D:2)
  2 orc wizards (D:4)
  5 worker ants
  A howler monkey zombie (D:3)
  4 adders
  2 adder skeletons
  4 leopard geckos
  9 orcs
  4 ball pythons
  7 bats
  6 giant cockroaches
  4 goblins
  2 hobgoblins
  3 quokkas
  2 frilled lizards (D:2)
  7 kobolds
  A leopard gecko skeleton (D:6)
  A quokka skeleton (D:6)
  A quokka zombie (D:5)
  9 rats
96 creatures vanquished.

Vanquished Creatures (others)
  A bullfrog (D:6)
  A howler monkey (D:6)
  A hound (D:6)
  An orc wizard (D:4)
4 creatures vanquished.

Grand Total: 100 creatures vanquished

Notes
Turn   | Place    | Note
-------+----------+-------------------------------------------
     0 | D:1      | BeastOfSaturn the Demonspawn Venom Mage began the quest for
                  | the Orb.
     0 | D:1      | Reached XP level 1. HP: 13/13 MP: 3/3
   296 | D:1      | Gained mutation: You have a pair of small antennae on your
                  | head. [demonic ancestry]
   296 | D:1      | Reached XP level 2. HP: 7/19 MP: 0/5
   499 | D:1      | Learned a level 2 spell: Poisonous Vapours
   743 | D:1      | Reached skill level 1 in Transmutations
  1582 | D:2      | Found an iron altar of Okawaru.
  1586 | D:2      | Found a bloodstained altar of Trog.
  1654 | D:2      | Reached skill level 1 in Armour
  1654 | D:2      | Gained mutation: You have a pair of antennae on your head.
                  | [demonic ancestry]
  1654 | D:2      | Reached XP level 3. HP: 23/24 MP: 3/6
  1842 | D:2      | Found a radiant altar of Vehumet.
  1843 | D:2      | Found a sacrificial altar of Ru.
  1843 | D:2      | Found a snail-covered altar of Cheibriados.
  1843 | D:2      | Found a hide-covered altar of Uskayaw.
  1851 | D:2      | Found a glowing silver altar of Zin.
  1851 | D:2      | Found a shattered altar of Ashenzari.
  1893 | D:2      | Became a worshipper of Ashenzari the Shackled
  1929 | D:3      | Noticed Natasha
  1933 | D:3      | Killed Natasha
  2026 | D:3      | Reached XP level 4. HP: 18/30 MP: 6/8
  2312 | D:3      | Noticed Grinder
  2326 | D:3      | Noticed Natasha
  2466 | D:2      | Killed Natasha
  2466 | D:2      | Reached skill level 3 in Spellcasting
  2699 | D:3      | Noticed Jessica
  2702 | D:3      | Killed Jessica
  2702 | D:3      | Reached skill level 1 in Maces & Flails
  2702 | D:3      | Reached skill level 1 in Air Magic
  2723 | D:3      | Reached XP level 5. HP: 31/35 MP: 2/9
  3442 | D:3      | Learned a level 4 spell: Olgreb's Toxic Radiance
  3446 | D:3      | Learned a level 3 spell: Mephitic Cloud
  3898 | D:4      | Reached XP level 6. HP: 41/41 MP: 4/11
  4226 | D:4      | Reached skill level 4 in Spellcasting
  4415 | D:4      | Found Ennei's Antique Weapon Boutique.
  4878 | D:5      | Entered Level 5 of the Dungeon
  4922 | D:5      | Reached XP level 7. HP: 14/46 MP: 3/13
  5306 | D:4      | Reached skill level 1 in Axes
  5500 | D:5      | Found Suetet's Elemental Accessories.
  5748 | D:5      | Reached * piety under Ashenzari
  6713 | D:6      | Noticed Pikel
  6752 | D:5      | HP: 2/46 [Pikel/+0 whip of freezing (7)]
  6754 | D:5      | Killed Pikel
  6754 | D:5      | Reached skill level 5 in Spellcasting
  6754 | D:5      | Gained mutation: You have a pair of large antennae on your
                  | head. (SInv) [demonic ancestry]
  6754 | D:5      | Reached XP level 8. HP: 1/52 MP: 3/16
  7484 | D:6      | Found Reatru's Gadget Emporium.
  7572 | D:6      | Found Lag Cank's Gadget Shop.
  7630 | D:6      | Found Jyudamom's Jewellery Shoppe.
  7654 | D:6      | HP: 2/52 [poisoned by a water moccasin]
  7676 | D:6      | Slain by a water moccasin

Levels and vault maps discovered:
D:1:      minmay_arrival_arboretum_small, layout_basic
D:2:      layout_rooms, minitemple, minmay_overflow_temple_hex,
          minmay_crystal_water, moated_statue
D:3:      layout_rooms, first_ration, serial_undead, serial_undead_b,
          serial_undead_f, serial_undead_e, serial_undead_e, uniq_jessica,
          uniq_natasha, uniq_grinder
D:4:      layout_basic, serial_shops, shop, serial_bayou_pond_a
D:5:      layout_basic, nicolae_elemental_shop
D:6:      layout_loops_ring, serial_shops, kennysheep_mini,
          kennysheep_mini_moat, kennysheep_little_box, shop_statue,
          yredelemnul_altar_generic, uniq_pikel

Skill      XL: |  1  2  3  4  5  6  7 |
---------------+----------------------+-----
Transmutations | 1 |  1.0
Armour         | 1 2 3 4 |  4.7
Dodging        | 2 3 |  3.0
Spellcasting   | 3 4 5 |  5.6
Maces & Flails | 1 |  1.5
Air Magic      | 1 2 |  2.7
Poison Magic   | 4 |  4.9
Axes           | 3 |  3.1
Stealth        | |  1.7

Action                   |  1- 3 |  4- 6 |  7- 9 || total
-------------------------+-------+-------+-------++-------
Melee: Dagger            |     7 |       |       ||     7
       Unarmed           |     3 |       |       ||     3
       Whip              |    66 |    87 |       ||   153
       War axe           |       |    27 |   171 ||   198
 Cast: Sting             |    14 |     4 |    28 ||    46
       Poisonous Vapours |    14 |    37 |    25 ||    76
Invok: Curse Item        |       |     2 |       ||     2
  Use: Scroll            |     1 |     7 |       ||     8
       Potion            |       |       |     3 ||     3
 Stab: Sleeping          |     1 |       |       ||     1
  Eat: Ration            |     1 |       |     3 ||     4
       Chunk             |     1 |    12 |       ||    13
Armor: Robe              |     2 |       |       ||     2
       Ring mail         |    40 |    52 |    87 ||   179
Dodge: Dodged            |    51 |    89 |   133 ||   273

Table legend:
 A = Non-vault XP
 B = Vault XP
 C = Vault XP percentage of total XP
 D = Non-vault monster count
 E = Vault monster count
 F = Vault count percentage of total count
                 A         B        C        D         E       F
            +---------+---------+-------+---------+---------+-------
      Total |    1423 |     797 |  35.9 |      90 |       6 |   6.2
            +---------+---------+-------+---------+---------+-------
        D:1 |      22 |       0 |   0.0 |      13 |       0 |   0.0
        D:2 |      63 |       0 |   0.0 |      15 |       0 |   0.0
        D:3 |      90 |     134 |  59.8 |      20 |       5 |  20.0
        D:4 |     578 |       0 |   0.0 |      19 |       0 |   0.0
        D:5 |     385 |     663 |  63.3 |      12 |       1 |   7.7
        D:6 |     285 |       0 |   0.0 |      11 |       0 |   0.0
            +---------+---------+-------+---------+---------+-------
